AoeStats
← Duke.Wu

Arena

510518211Analyzed
4v4 RM · 1d ago on Oct 1, 2026· 81m 42s· 8 players
Game mode
Random Map
Map size
Large (8 player)
Population
200
Speed
Normal
Resources
Standard
Victory
Conquest
Starting age
Dark Age
Ending age
Imperial Age
RankedLock teamsTeams togetherTeam positionsShared explorationLock speedFull tech treeHidden civsTurbo modeCheats
Victory
Defeat
🇨🇳 Franks · China
918
+36
🇦🇷 Magyars · Argentina
898
+14
🇦🇺 Saxons · Australia
858
+15
🇨🇳 Turks · China
687
+23
🇵🇪 Chinese · Peru
909
-19
🇲🇽 Khitans · Mexico
885
-18
🇫🇷 Poles · France
819
-15
🇮🇹 Bulgarians · Italy
766
-13
iDaniielo :v
0:30 Loom
12:11 Feudal Age
13:28 Wheelbarrow
12:42 Double-Bit Axe
13:17 Domestication
21:46 Castle Age
19:44 Gold Mining
19:45 Stone Mining
23:10 Stone Shaft Mining
22:53 Hand Cart
22:52 Bow Saw
25:41 Pastoralism
34:11 Lamellar Armor
37:47 Imperial Age
36:43 Forging
36:34 Scale Mail Armor
39:04 Iron Casting
38:45 Chain Mail Armor
38:29 Elite Liao Dao
39:27 Ordo Cavalry
39:43 Conscription
40:57 Fortified Wall
41:08 Ballistics
41:49 Chemistry
40:45 Murder Holes
40:56 Siege Engineers
42:49 Elite Steppe Lancer
43:30 Husbandry
44:04 Plate Mail Armor
43:40 Scale Barding Armor
45:30 Chain Barding Armor
44:38 Heavy Camel Rider
59:13 Caravan
61:30 Padded Archer Armor
63:52 Light Cavalry
NomadRider5217
0:44 Loom
13:17 Feudal Age
18:43 Castle Age
17:27 Double-Bit Axe
19:20 Horse Collar
20:13 Heavy Plow
23:49 Fletching
24:36 Scale Mail Armor
26:51 Gold Mining
27:18 Bow Saw
32:42 Squires
36:31 Bodkin Arrow
36:52 Chain Mail Armor
36:00 Pikeman
38:42 Wheelbarrow
37:53 Town Watch
39:36 Forging
43:30 Gold Mining
48:28 Iron Casting
51:20 Imperial Age
51:22 Caravan
51:55 Coinage
52:52 Plate Mail Armor
53:23 Blast Furnace
55:43 Banking
55:37 Bracer
55:37 Padded Archer Armor
57:25 Elite Skirmisher
60:18 Stone Mining
62:23 Crop Rotation
Velox_M_B
0:33 Loom
13:29 Feudal Age
14:02 Double-Bit Axe
14:00 Horse Collar
14:13 Gold Mining
17:53 Wheelbarrow
22:25 Castle Age
20:55 Forging
20:40 Stone Mining
21:08 Arson
21:31 Scale Mail Armor
23:07 Squires
23:25 Bow Saw
24:28 Gold Shaft Mining
25:23 Murder Holes
27:28 Heavy Plow
27:24 Pikeman
28:51 Stone Shaft Mining
29:14 Husbandry
35:22 Imperial Age
33:37 Gambesons
34:16 Ballistics
34:33 Iron Casting
33:56 Fletching
34:23 Chain Mail Armor
35:21 Hand Cart
37:54 Conscription
37:30 Stirrups
37:54 Town Watch
39:11 Blast Furnace
38:18 Scale Barding Armor
40:31 Cavalier
40:39 Elite Konnik
44:51 Bagains
47:55 Chemistry
47:01 Siege Engineers
47:46 Town Patrol
48:10 Chain Barding Armor
48:04 Caravan
49:27 Halberdier
52:37 Crop Rotation
52:26 Masonry
55:05 Plate Mail Armor
55:12 Plate Barding Armor
57:37 Bloodlines
59:12 Thumb Ring
58:29 Elite Skirmisher
60:38 Bodkin Arrow
60:44 Padded Archer Armor
60:15 Cavalier
61:35 Light Cavalry
63:46 Hussar
73:58 Architecture
LaTO
10:44 Feudal Age
11:16 Double-Bit Axe
11:13 Horse Collar
11:55 Loom
21:16 Castle Age
19:53 Stone Mining
20:19 Gold Mining
22:26 Arson
25:08 Ballistics
26:17 Bow Saw
26:46 Fortified Wall
29:02 Forging
28:58 Fletching
33:43 Imperial Age
33:59 Iron Casting
34:16 Elite Fire Lancer
36:25 Bodkin Arrow
38:04 Wheelbarrow
40:22 Hand Cart
41:14 Chemistry
41:14 Heavy Scorpion
43:28 Murder Holes
55:17 Rocketry
57:02 Two-Man Saw
59:15 Capped Ram
59:17 Heavy Rocket Cart
64:17 Squires
The Chosen One
11:31 Feudal Age
13:12 Double-Bit Axe
17:02 Castle Age
16:09 Double-Bit Axe
16:05 Horse Collar
16:17 Gold Mining
16:23 Stone Mining
18:02 Bow Saw
19:59 Loom
27:05 Man-at-Arms
27:45 Squires
27:31 Gambesons
27:32 Arson
27:48 Scale Mail Armor
27:59 Forging
27:49 Scale Mail Armor
27:59 Forging
28:02 Fletching
30:55 Imperial Age
28:13 Town Watch
29:12 Fletching
31:39 Forging
32:20 Chain Mail Armor
32:52 Conscription
33:49 Iron Casting
33:38 Heavy Plow
34:25 Bodkin Arrow
35:01 Padded Archer Armor
35:33 Plate Mail Armor
34:55 Long Swordsman
36:33 Shield Wall
39:55 Bracer
39:59 Capped Ram
42:12 Padded Archer Armor
41:35 Elite Hearth Troop
42:18 Siege Ram
42:36 Two-Handed Swordsman
47:02 Gold Shaft Mining
47:06 Hoardings
46:17 Elite Varangian Guard
46:22 Crossbowman
47:08 Thumb Ring
48:32 Champion
49:33 Pikeman
50:49 Halberdier
53:12 Ballistics
55:51 Arbalester
59:41 Sappers
63:53 Leather Archer Armor
63:47 Caravan
67:04 Ring Archer Armor
67:58 Two-Man Saw
73:01 Wheelbarrow
79:32 Spies/Treason
Duke.Wu
7:49 Loom
11:34 Feudal Age
16:03 Castle Age
14:19 Double-Bit Axe
18:48 Bow Saw
26:44 Gold Mining
26:45 Stone Mining
28:27 Scale Barding Armor
31:32 Husbandry
31:56 Chain Barding Armor
35:12 Imperial Age
34:32 Forging
35:33 Gold Shaft Mining
35:32 Coinage
36:40 Plate Barding Armor
35:39 Cavalier
37:46 Iron Casting
37:55 Paladin
41:23 Wheelbarrow
40:33 Town Watch
42:18 Banking
44:29 Blast Furnace
44:01 Hand Cart
43:46 Town Patrol
44:44 Siege Engineers
45:40 Chemistry
45:01 Ballistics
47:31 Chivalry
47:52 Conscription
48:44 Caravan
56:26 Murder Holes
56:42 Masonry
59:21 Hoardings
59:58 Architecture
77:00 Spies/Treason
林归于凤
11:39 Feudal Age
12:55 Wheelbarrow
12:07 Double-Bit Axe
12:04 Horse Collar
18:59 Castle Age
17:03 Stone Mining
18:15 Scale Barding Armor
20:24 Hand Cart
21:01 Bow Saw
21:00 Heavy Plow
22:03 Gold Mining
24:17 Gold Shaft Mining
27:30 Corvinian Army
30:16 Imperial Age
29:32 Chain Barding Armor
29:47 Treadmill Crane
31:23 Conscription
33:40 Capped Ram
35:11 Elite Magyar Huszar
36:00 Husbandry
36:11 Bloodlines
40:27 Light Cavalry
42:02 Ballistics
42:43 Chemistry
41:49 Siege Engineers
42:26 Plate Barding Armor
44:30 Crop Rotation
49:44 Two-Man Saw
51:17 Caravan
Payber
2:13 Loom
10:26 Feudal Age
11:11 Horse Collar
12:15 Town Watch
12:42 Double-Bit Axe
18:00 Castle Age
17:26 Fletching
19:55 Bow Saw
19:47 Heavy Plow
21:14 Stone Mining
22:08 Forging
22:33 Gold Mining
23:04 Bodkin Arrow
27:13 Masonry
28:34 Ballistics
30:04 Bloodlines
30:41 Wheelbarrow
31:31 Murder Holes
33:22 Scale Barding Armor
34:17 Husbandry
34:46 Hand Cart
40:44 Ballistics
41:43 Treadmill Crane
44:16 Fortified Wall
46:41 Imperial Age
45:09 Gold Shaft Mining
49:03 Conscription
56:56 Parthian Tactics
60:18 Heavy Cavalry Archer
63:25 Artillery
64:44 Town Patrol
64:49 Padded Archer Armor
67:45 Bracer
68:02 Leather Archer Armor
68:38 Thumb Ring
70:04 Elite Janissary
72:55 Two-Man Saw
75:18 Fervor
Connection lost

Rejoining the realm…

Still unreachable

The connection could not be restored.

Session expired

The server has moved on; the page needs a fresh start.